 Dungeon Crawl Stone Soup version 0.19.3-1-g3169bf9 (webtiles) character file.

316 sveltemanboy the Destroyer (level 6, 0/32 HPs)
             Began as a Tengu Conjurer on Jan 24, 2017.
             Slain by an ogre
             ... wielding a +0 giant spiked club
              (29 damage)
             ... on level 4 of the Dungeon.
             The game lasted 00:09:06 (3813 turns).

sveltemanboy the Destroyer (Tengu Conjurer)         Turns: 3813, Time: 00:09:06

Health: 0/32       AC:  2    Str:  9    XL:     6   Next: 44%
Magic:  3/11       EV: 12    Int: 17    God:
Gold:   158        SH:  0    Dex: 14    Spells: 4 memorised, 1 level left

rFire  . . .     SeeInvis .     (no weapon)
rCold  . . .     Gourm    .     a - +0 robe
rNeg   . . .     Faith    .     (no shield)
rPois  +         Spirit   .     (helmet restricted)
rElec  .         Reflect  .     (no cloak)
rCorr  .         Harm     .     (no gloves)
MR     .....                    (boots unavailable)
Stlth  ++........               (no amulet)
                                (no ring)
                                e - ring of poison resistance

@: no status effects
A: beak, talons 3, able to fly 1
a: Fly


You were on level 4 of the Dungeon.
You were not hungry.

You visited 1 branch of the dungeon, and saw 4 of its levels.

You collected 158 gold pieces.

Inventory:

Armour
 a - a +0 robe (worn)
Jewellery
 e - a ring of poison resistance (left hand)
Scrolls
 f - 4 scrolls of remove curse {unknown}
 l - 2 scrolls of recharging {unknown}
 m - 2 scrolls of amnesia {unknown}
 n - 4 scrolls of identify {unknown}
 s - a scroll of enchant weapon {unknown}
 t - a scroll of noise {unknown}
 u - a scroll of fear {unknown}
 v - a scroll of random uselessness {unknown}
 y - 2 scrolls of enchant armour {unknown}
Potions
 d - a potion of lignification {unknown}
 g - a potion of cure mutation {unknown}
 h - 5 potions of curing {unknown}
 i - a potion of might {unknown}
 j - 4 potions of degeneration {unknown}
 p - a potion of haste {unknown}
 w - a potion of mutation {unknown}
 z - a potion of heal wounds {unknown}
 A - a potion of flight {unknown}
Books
 b - a book of Conjurations

   Spells                             Type                      Level
   a - Magic Dart                     Conjuration                  1
   b - Searing Ray                    Conjuration                  2
   c - Dazzling Spray                 Conjuration/Hexes            3
   d - Fulminant Prism                Conjuration/Hexes            4
   e - Iskenderun's Mystic Blast      Conjuration                  4
   f - Iskenderun's Battlesphere      Conjuration/Charms           5
Comestibles
 c - 3 bread rations
 k - a meat ration
 o - a beef jerky
 q - a fruit
 r - a chunk of flesh
 x - a royal jelly


   Skills:
 - Level 2.1 Dodging
 - Level 2.0 Stealth
 - Level 3.0 Spellcasting
 * Level 8.9 Conjurations
 + Level 1.0 Hexes


You had one spell level left.
You knew the following spells:

 Your Spells              Type           Power        Failure   Level  Hunger
a - Magic Dart            Conj           ####         1%          1    None
b - Searing Ray           Conj           ####..       1%          2    ##.....
c - Iskenderun's Mystic   Conj           ####....     6%          4    ####...
d - Dazzling Spray        Conj/Hex       ###...       10%         3    ###....


Dungeon Overview and Level Annotations

Branches:
Dungeon (4/15)
 Temple: D:4-7

Altars:
Gozag
Hepliaklqana
Makhleb
Okawaru
Xom


Innate Abilities, Weirdness & Mutations

You have a beak for a mouth.
You have claws for feet.
You can fly.


Message History

Press: ? - help, Shift-Dir - straight line, f/p - ogre
Aim: an ogre, wielding a giant spiked club (lightly wounded)
The magic dart hits the ogre.
The ogre is lightly wounded.
Casting: Magic Dart
Confirm with . or Enter, or press ? or * to list all spells.
Aiming: Searing Ray
Press: ? - help, Shift-Dir - straight line, f/p - ogre
Aim: an ogre, wielding a giant spiked club (lightly wounded)
The searing ray hits the ogre.
The ogre is heavily wounded. (Press . to maintain the ray.)
The searing ray hits the ogre.
The ogre is severely wounded.
The searing ray hits the ogre.
The ogre is almost dead.
The searing ray misses the ogre.
You finish channeling your searing ray.
The ogre hits you with a giant spiked club!!
Ouch! That really hurt!
You die...

# # # # # ########## ###
..######..#..##.## #..
...$.............# #..
...!...@.........# #..
####..O..##......# #..
#.....##.....#######.
........##....>##...##.
.........#............#.
.........'............#.
......<..##.....##...##.
.........##.....##..<##.
#......#....#.


You could see an ogre.

Vanquished Creatures
  A crimson imp (D:3)
  A centaur skeleton (D:4)
  Jessica (D:2)
  Natasha (D:2)
  4 gnolls (D:3)
  7 adders
  4 oozes
  A worm (D:2)
  3 dart slugs
  The ghost of dscm the Sneak, a weakling OpEE (D:4)
  A leopard gecko (D:3)
  9 orcs (D:3)
  5 bats
  6 giant cockroaches
  2 goblins
  2 hobgoblins
  A quokka (D:2)
  3 frilled lizards
  9 kobolds
  A quokka skeleton (D:4)
  7 rats
70 creatures vanquished.

Notes
Turn   | Place    | Note
-------+----------+-------------------------------------------
     0 | D:1      | sveltemanboy the Tengu Conjurer began the quest for the Orb.
     0 | D:1      | Reached XP level 1. HP: 10/10 MP: 4/4
   381 | D:1      | Reached XP level 2. HP: 11/15 MP: 0/6
   445 | D:1      | Learned a level 2 spell: Searing Ray
   955 | D:1      | Reached skill level 6 in Conjurations
   955 | D:1      | Reached XP level 3. HP: 17/19 MP: 3/7
  1301 | D:2      | Found an iron altar of Okawaru.
  1302 | D:2      | Found an opulent altar of Gozag.
  1302 | D:2      | Found a hazy altar of Hepliaklqana.
  1303 | D:2      | Found a shimmering altar of Xom.
  1337 | D:2      | Found a burning altar of Makhleb.
  1339 | D:2      | Noticed an Executioner
  1554 | D:2      | Noticed Natasha
  1566 | D:2      | Killed Natasha
  1566 | D:2      | Reached XP level 4. HP: 24/24 MP: 5/9
  1573 | D:2      | Learned a level 4 spell: Iskenderun's Mystic Blast
  2075 | D:2      | Noticed Jessica
  2079 | D:2      | Killed Jessica
  2079 | D:2      | Reached skill level 7 in Conjurations
  2103 | D:2      | Gained mutation: You can fly. [Tengu growth]
  2103 | D:2      | Reached XP level 5. HP: 28/28 MP: 4/10
  2549 | D:3      | Reached skill level 8 in Conjurations
  2907 | D:3      | Learned a level 3 spell: Dazzling Spray
  3364 | D:3      | Reached XP level 6. HP: 32/32 MP: 6/11
  3668 | D:4      | Noticed dscm's ghost (weakling OpEE)
  3677 | D:4      | Killed dscm's ghost
  3766 | D:4      | Reached skill level 1 in Hexes
  3813 | D:4      | Slain by an ogre

Skill      XL: |  1  2  3  4  5  6 |
---------------+-------------------+-----
Conjurations   | 6 7 8 |  8.9
Spellcasting   | 3 |  3.0
Hexes          | 1 |  1.0
Dodging        | |  2.1
Stealth        | |  2.0

Action                   |  1- 3 |  4- 6 || total
-------------------------+-------+-------++-------
Melee: Unarmed           |    16 |     7 ||    23
       Kick              |     6 |     3 ||     9
       Peck              |     2 |       ||     2
 Cast: Magic Dart        |    42 |    74 ||   116
       Searing Ray       |     5 |    13 ||    18
 Stab: Sleeping          |       |     1 ||     1
  Eat: Chunk             |     3 |     7 ||    10
Armor: Robe              |     5 |     4 ||     9
Dodge: Dodged            |    15 |    14 ||    29
